 Dungeon Crawl Stone Soup version 0.16-a0-3761-g2321f2b (console) character file.

3251 Monkaria the Cleaver (level 10, -8/74 HPs)
             Began as a Human Wanderer on Jan 24, 2015.
             Was an Elder of Makhleb.
             Mangled by an orc warrior
             ... wielding a +0 halberd
              (15 damage)
             ... in a bailey.
             The game lasted 00:24:45 (9173 turns).

Monkaria the Cleaver (Human Wanderer)               Turns: 9173, Time: 00:24:46

Health: -8/74      AC: 15    Str: 23    XL:     10   Next: 19%
Magic:  11/11      EV: 10    Int: 10    God:    Makhleb [****..]
Gold:   399        SH:  0    Dex: 17    Spells: 0 memorised, 9 levels left

rFire  + + +     SeeInvis .     B - +3 war axe
rCold  + . .     Clarity  .     k - +3 scale mail {rF+}
rNeg   . . .     SustAb   .     (no shield)
rPois  +         Gourm    +     w - +0 helmet
rElec  +         Spirit   .     v - +2 cloak {rPois}
rCorr  +         Warding  .     (no gloves)
rMut   .         Stasis   .     (no boots)
MR     .....                    c - amulet of the gourmand
Stlth  ..........               A - ring of protection from fire
                                n - +4 ring of dexterity

@: mighty, resistant, not resistant to hostile enchantments, extremely
unstealthy
A: MP-powered wands 1
a: Minor Destruction, Lesser Servant of Makhleb, Major Destruction, Renounce
Religion


You were in a bailey.
You worshipped Makhleb.
Makhleb was greatly pleased with you.
You were very full.

You visited 2 branches of the dungeon, and saw 9 of its levels.
You also visited: Bailey.

You collected 399 gold pieces.

Inventory:

Hand weapons
 a - a +2 hand axe of distortion
 j - a +3 scimitar
 p - a +1 hand axe of draining
 B - a +3 war axe (weapon)
Missiles
 g - 3 needles of slowing
 i - 4 poisoned needles
Armour
 k - a +3 scale mail of fire resistance (worn)
 t - a swamp dragon hide
 v - a +2 cloak of poison resistance (worn)
 w - a +0 helmet (worn)
Magical staves
 x - an uncursed staff of air
 D - an uncursed staff of air
Jewellery
 c - an amulet of the gourmand (around neck)
 f - an uncursed amulet of regeneration
 n - a +4 ring of dexterity (left hand)
 y - an uncursed ring of wizardry
 A - a ring of protection from fire (right hand)
Magical devices
 b - a wand of flame (10)
Scrolls
 l - 3 scrolls of immolation
 s - a scroll of fog
 C - a scroll of amnesia
 H - a scroll of recharging
Potions
 h - a potion of restore abilities
 u - a potion of berserk rage {unknown}
 z - a potion of brilliance
Comestibles
 d - 5 bread rations
 m - 3 meat rations
 q - 2 beef jerkies


   Skills:
 - Level 5.0 Fighting
 + Level 12.1(12.2) Axes
   Level 2.4(8.3) Maces & Flails
 - Level 6.0 Armour
 - Level 1.1 Dodging
 - Level 1.0 Stealth
 - Level 1.0 Evocations


You had 9 spell levels left.
You didn't know any spells.

Dungeon Overview and Level Annotations

Branches:
Dungeon (8/15)             Temple (1/1) D:4
   Lair: D:8-11

Altars:
Ashenzari
Cheibriados
Dithmenos
Elyvilon
Gozag
Kikubaaqudgha
Makhleb
Nemelex Xobeh
Okawaru
Qazlal
Sif Muna
Trog
Vehumet
Xom
Yredelemnul
Zin
The Shining One

Annotations:
D:2 Crazy Yiuf
D:6 Grinder


Innate Abilities, Weirdness & Mutations

You expend magic power (3 MP) to slightly strengthen your wands.


Message History

The orc hits you from afar with a halberd.
* * * LOW HITPOINT WARNING * * *
Drink which item? (? for menu, Esc to quit)
You feel better.
The orc warrior hits you with a halberd!
* * * LOW HITPOINT WARNING * * *
The orc barely misses you. The orc hits you but does no damage.
Drink which item? (? for menu, Esc to quit)
It was a potion of cure mutation.
It has a very clean taste.
You feel genetically unstable.
You feel less resistant to poisons. The orc closely misses you.
The orc warrior closely misses you. The orc hits you but does no damage.
Drink which item? (? for menu, Esc to quit)
It was a potion of resistance.
You feel protected.
The orc hits you from afar with a halberd.
* * * LOW HITPOINT WARNING * * *
The orc hits you but does no damage.
The orc warrior hits you with a halberd!
You die...

###########
##.∩........
#...o........
#..)@)o......
#!.))).......
#..)oo.......
#...........
##.∩........
###########


You could see an orc warrior and 3 orcs.

Vanquished Creatures
  Prince Ribbit (D:8)
  2 hungry ghosts
  Edmund (D:5)
  A sky beast (D:5)
  2 orc warriors
  2 ogres
  2 ice beasts (D:6)
  A centaur (D:7)
  Sigmund (D:2)
  2 giant frogs
  3 scorpions
  5 crimson imps
  5 wights (D:6)
  5 killer bees (D:8)
  A wasp zombie (D:8)
  2 orc wizards
  2 iguanas
  2 orc priests
  A gnoll shaman (D:5)
  4 worker ants
  5 hounds
  Natasha (thrice) (D:6)
  Ijyb (D:3)
  Jessica (D:3)
  Terence (D:2)
  Robin (D:3)
  6 adders
  10 gnolls
  A giant mite (D:2)
  2 shadow imps
  2 worms (D:2)
  An adder skeleton (D:5)
  3 giant geckos
  3 oozes
  28 orcs
  3 ball pythons
  A bat skeleton (D:4)
  10 giant cockroaches
  16 hobgoblins
  35 jackals
  17 bats
  A giant gecko skeleton (D:4)
  6 giant newts
  30 goblins
  A goblin zombie (D:5)
  2 jackal zombies (D:5)
  15 kobolds
  2 quokkas
  10 rats
262 creatures vanquished.

Notes
Turn   | Place    | Note
--------------------------------------------------------------
     0 | D:1      | Monkaria, the Human Wanderer, began the quest for the Orb.
     0 | D:1      | Monkaria set off with: a +2 scale mail, a potion of lignification, a +0 mace, a bread ration
     0 | D:1      | Reached XP level 1. HP: 15/15 MP: 1/1
    11 | D:1      | Reached XP level 2. HP: 6/22 MP: 2/2
   342 | D:1      | Reached XP level 3. HP: 19/28 MP: 3/3
  1025 | D:2      | Noticed Terence
  1041 | D:2      | Killed Terence
  1041 | D:2      | Reached XP level 4. HP: 6/37 MP: 4/4
  1374 | D:2      | Noticed Sigmund
  1403 | D:2      | Killed Sigmund
  1403 | D:2      | Reached XP level 5. HP: 43/43 MP: 5/5
  1628 | D:2      | Reached skill level 5 in Fighting
  1847 | D:2      | Reached skill level 1 in Dodging
  1868 | D:2      | Noticed Crazy Yiuf
  2622 | D:3      | Reached XP level 6. HP: 45/51 MP: 7/7
  2885 | D:3      | Reached skill level 1 in Axes
  3058 | D:3      | Noticed Ijyb
  3088 | D:3      | Killed Ijyb
  3369 | D:3      | Noticed Robin
  3382 | D:3      | Killed Robin
  3435 | D:3      | Reached XP level 7. HP: 54/56 MP: 8/8
  3439 | D:3      | Found a burning altar of Makhleb.
  3446 | D:3      | Became a worshipper of Makhleb the Destroyer
  3506 | D:3      | Noticed Jessica
  3516 | D:3      | Killed Jessica
  3968 | D:4      | Gained mutation: You are somewhat resistant to further mutation. [potion of mutation]
  3968 | D:4      | Gained mutation: Your system is resistant to poisons. [potion of mutation]
  3968 | D:4      | Gained mutation: You expend magic power (3 MP) to slightly strengthen your wands. [potion of mutation]
  4139 | D:4      | Found an ancient bone altar of Kikubaaqudgha.
  4139 | D:4      | Found a snail-covered altar of Cheibriados.
  4198 | D:4      | Found a staircase to the Ecumenical Temple.
  4237 | Temple   | Entered the Ecumenical Temple
  4370 | D:5      | Entered Level 5 of the Dungeon
  4399 | D:5      | Reached skill level 5 in Axes
  4505 | D:5      | Acquired Makhleb's first power
  4559 | D:5      | Reached XP level 8. HP: 34/62 MP: 9/9
  4932 | D:5      | Reached skill level 7 in Axes
  5037 | D:5      | Noticed Edmund
  5051 | D:5      | Acquired Makhleb's second power
  5354 | D:6      | Noticed Natasha
  5365 | D:6      | Killed Natasha
  5422 | D:6      | Noticed Grinder
  5443 | D:6      | Paralysed by Grinder for 6 turns
  5456 | D:6      | Paralysed by Grinder for 5 turns
  5468 | D:6      | Paralysed by Grinder for 3 turns
  5688 | D:6      | Reached skill level 8 in Axes
  5869 | D:5      | Killed Edmund
  5955 | D:6      | Reached XP level 9. HP: 53/68 MP: 10/10
  5998 | D:6      | Reached skill level 9 in Axes
  6108 | D:6      | Found a burning altar of Makhleb.
  6989 | D:6      | Acquired Makhleb's third power
  6989 | D:6      | Reached skill level 10 in Axes
  7286 | D:6      | Noticed Natasha
  7306 | D:6      | Killed Natasha
  7320 | D:6      | Noticed Natasha
  7328 | D:6      | Killed Natasha
  7958 | D:7      | Found a white marble altar of Elyvilon.
  8437 | D:7      | Found a bloodstained altar of Trog.
  8539 | D:8      | Reached skill level 11 in Axes
  8572 | D:8      | Reached XP level 10. HP: 57/74 MP: 11/11
  8721 | D:8      | Noticed Prince Ribbit
  8744 | D:8      | Killed Prince Ribbit
  8744 | D:8      | Acquired Makhleb's fourth power
  9031 | D:8      | Reached skill level 12 in Axes
  9121 | D:8      | Found a flagged portal.
  9131 | Bailey   | Entered a bailey
  9172 | Bailey   | Lost mutation: You are somewhat resistant to further mutation. [potion of cure mutation]
  9172 | Bailey   | Lost mutation: Your system is resistant to poisons. [potion of cure mutation]
  9173 | Bailey   | Mangled by an orc warrior

Action                   |  1- 3 |  4- 6 |  7- 9 | 10-12 || total
-------------------------+-------+-------+-------+-------++-------
Melee: Mace              |   114 |   200 |       |       ||   314
       Hand axe          |       |   115 |   480 |       ||   595
       War axe           |       |       |   241 |    87 ||   328
Throw: Throwing net      |       |       |     2 |     1 ||     3
Evoke: Wand              |       |       |       |     1 ||     1
  Use: Potion            |       |     1 |    11 |     6 ||    18
       Scroll            |       |     3 |    17 |     3 ||    23
 Stab: Held in net/web   |       |       |       |     1 ||     1
  Eat: Chunk             |       |     9 |    27 |    14 ||    50
